 Dungeon Crawl Stone Soup version 0.20-a0-421-gf6b327c (webtiles) character file.

94 reiner the Slasher (level 4, -5/34 HPs)
             Began as a Demonspawn Gladiator on Dec 31, 2016.
             Killed by divine providence
             ... invoked by an orc priest
              (13 damage)
             ... on level 3 of the Dungeon.
             The game lasted 00:05:51 (3162 turns).

reiner the Slasher (Demonspawn Gladiator)           Turns: 3162, Time: 00:05:51

Health: -5/34      AC:  5    Str: 14    XL:     4   Next: 38%
Magic:  4/4        EV: 13    Int: 10    God:
Gold:   122        SH:  0    Dex: 15    Spells: 3/3 levels left

rFire  . . .     SeeInvis .     a - +0 long sword
rCold  . . .     Gourm    .     b - +0 leather armour
rNeg   . . .     Faith    .     (no shield)
rPois  .         Spirit   .     c - +0 helmet
rElec  .         Reflect  .     (no cloak)
rCorr  .         Harm     .     (no gloves)
MR     .....                    n - +0 pair of boots
Stlth  ++........               (no amulet)
                                (no ring)
                                (no ring)

@: no status effects
A: claws 1, agile 1, high mp 1, weak 1, subdued magic 1
a: no special abilities


You were on level 3 of the Dungeon.
You were not hungry.

You visited 1 branch of the dungeon, and saw 4 of its levels.

You collected 122 gold pieces.

Inventory:

Hand Weapons
 a - a +0 long sword (weapon)
Missiles
 d - 3 throwing nets (quivered)
Armour
 b - a +0 leather armour (worn)
 c - a +0 helmet (worn)
 n - a +0 pair of boots (worn)
Wands
 e - a wand of iceblast (6/15)
 o - a wand of polymorph (12/24)
Scrolls
 g - a scroll of magic mapping {unknown}
 h - 2 scrolls of immolation
 j - a scroll of teleportation {unknown}
 m - a scroll of amnesia {unknown}
 p - a scroll of fog {unknown}
Potions
 i - a potion of ambrosia {unknown}
 r - a potion of flight
 s - a potion of lignification {unknown}
Comestibles
 f - 2 bread rations
 l - a meat ration
 q - a beef jerky


   Skills:
 + Level 2.8 Fighting
 + Level 3.2 Long Blades
 - Level 1.7 Throwing
 + Level 1.0 Armour
 + Level 2.8 Dodging
 + Level 1.6 Stealth
 + Level 1.2 Unarmed Combat


You had 3 spell levels left.
You didn't know any spells.

Dungeon Overview and Level Annotations

Branches:
Dungeon (4/15)
 Temple: D:4-7

Altars:
Ashenzari
Yredelemnul
The Shining One


Innate Abilities, Weirdness & Mutations

You have sharp fingernails.
You are agile. (Dex +2)
You have an increased reservoir of magic. (+10% MP)
You are weak. (Str -2)
Your spells are a little easier to cast, but a little less powerful.


Message History

You hit the orc priest.
The orc priest is moderately wounded.
The orc hits you but does no damage.
The orc priest calls down the wrath of Beogh upon you.
Beogh smites you!
You closely miss the orc priest.
The orc priest is moderately wounded.
The orc priest closely misses you. The orc closely misses you.
You hit the orc priest but do no damage.
The orc priest is moderately wounded.
The orc priest barely misses you. The orc barely misses you.
You barely miss the orc priest.
The orc priest is moderately wounded.
The orc priest calls down the wrath of Beogh upon you.
Beogh smites you!
* * * LOW HITPOINT WARNING * * *
The orc closely misses you.
The orc priest mumbles some strange prayers to Beogh against you.
Beogh smites you!
You die...

##......#............#...#.#.....
.........####........#...#.#..P..
###......####........#...#.######
#....................#...#.......
+.......######.......#P..########
#.......#.b.P#.......#.......b...
#.......#..PP#.#.....#.P.....P...
..#.....#.b..#.......#.b......PP.
..#.....#....#.o@รท...############
..#.....#######..o............##.
###..............................
#.....#.....................##.
###...###........................
......# #........................
.###### ##.######.#..#...........
.# #.# #...#.............. .#
#.####.#.###..##.....โ‰ˆโ‰ˆโ‰ˆ


You could see an orc priest and an orc.

Vanquished Creatures
  3 adders
  2 worms
  A dart slug (D:1)
  A leopard gecko (D:3)
  5 orcs
  8 bats
  3 giant cockroaches
  9 goblins
  4 hobgoblins
  2 jackals (D:1)
  7 kobolds
  2 ball pythons (D:3)
  2 frilled lizards (D:1)
  5 rats
54 creatures vanquished.

Notes
Turn   | Place    | Note
-------+----------+-------------------------------------------
     0 | D:1      | reiner the Demonspawn Gladiator began the quest for the Orb.
     0 | D:1      | Reached XP level 1. HP: 16/16 MP: 1/1
   228 | D:1      | Gained mutation: You have sharp fingernails. [demonic ancestry]
   228 | D:1      | Reached XP level 2. HP: 22/22 MP: 2/2
   437 | D:1      | Reached skill level 1 in Stealth
  1158 | D:2      | Reached XP level 3. HP: 28/28 MP: 3/3
  1211 | D:2      | Found a shattered altar of Ashenzari.
  1263 | D:2      | Reached skill level 3 in Long Blades
  1432 | D:2      | Gained mutation: You have an increased reservoir of magic. (+10% MP) [potion of mutation]
  1432 | D:2      | Gained mutation: Your spells are a little easier to cast, but a little less powerful. [potion of mutation]
  1437 | D:2      | Reached skill level 1 in Armour
  1943 | D:3      | Found a basalt altar of Yredelemnul.
  1954 | D:3      | Reached skill level 1 in Unarmed Combat
  1954 | D:3      | Reached XP level 4. HP: 28/34 MP: 4/4
  2050 | D:3      | Found a glowing golden altar of the Shining One.
  2052 | D:3      | Noticed an angel
  2060 | D:3      | Noticed a profane servitor
  3041 | D:3      | Gained mutation: You are weak. (Str -2) [potion of mutation]
  3041 | D:3      | Gained mutation: You are agile. (Dex +2) [potion of mutation]
  3162 | D:3      | Killed from afar by an orc priest

Vault maps used:
D:1:      dpeg_arrival_lava_temple_mockup
D:2:      old_standard_altar, dk_noncrumbling_2
D:3:      grunt_temple_overflow_holy_war, serial_aquarium,
          aquarium_bridge_long_joined, aquarium_window_2,
          aquarium_window_corner, aquarium_window_fake, aquarium_window_corner,
          aquarium_view_2d, aquarium_view_2c, aquarium_balcony_3b,
          aquarium_pool_corner, grunt_ministairs_6,
          hangedman_abyss_or_decor_stabs, lemuel_old_faithful
D:4:      minmay_misc_feat_doors, grunt_ministairs_10

Skill      XL: |  1  2  3 |
---------------+----------+-----
Stealth        | 1 |  1.6
Long Blades    | 3 |  3.2
Armour         | 1 |  1.0
Unarmed Combat | 1 |  1.2
Fighting       | |  2.8
Throwing       | |  1.7
Dodging        | |  2.8

Action                   |  1- 3 |  4- 6 || total
-------------------------+-------+-------++-------
Melee: Long sword        |   103 |    52 ||   155
  Use: Potion            |     5 |     1 ||     6
       Scroll            |     1 |     2 ||     3
  Eat: Chunk             |     3 |     4 ||     7
Armor: Leather armour    |    35 |    17 ||    52
Dodge: Dodged            |    73 |    37 ||   110
       Rpst.: Long sword |    25 |    11 ||    36
